 Dungeon Crawl Stone Soup version 0.20-a0-927-g1ae2c61 (webtiles) character file.

113076 Isola the Phalangite (level 16, -4/196 HPs)
             Began as a Merfolk Skald on Mar 29, 2017.
             Was the Champion of Ashenzari.
             Slain by a black mamba (11 damage)
             ... on level 2 of the Lair of Beasts.
             The game lasted 01:27:33 (33365 turns).

Isola the Phalangite (Merfolk Skald)               Turns: 33365, Time: 01:27:34

Health: -4/196     AC: 32    Str: 16    XL:     16   Next: 62%
Magic:  4/22       EV:  2    Int: 23    God:    Ashenzari [******]
Gold:   1831       SH:  0    Dex: 18    Spells: 8/23 levels left

rFire    . . .     SeeInvis +   s - +4 bardiche (curse)
rCold    . . .     Gourm    .   (shield currently unavailable)
rNeg     + + +     Faith    .   (armour currently unavailable)
rPois    +         Spirit   .   (helmet currently unavailable)
rElec    +         Reflect  .   (cloak currently unavailable)
rCorr    .         Harm     .   (gloves currently unavailable)
MR       +....     Clarity  +   (boots currently unavailable) Stlth +++++.....NoTele +
                                O - amulet of rage
Regen    0.5/turn               p - ring "Refofit" {rElec Str+2 Int+4 Dex+5} (curse)
MPRegen  0.2/turn               e - +4 ring of protection

@: tree-form, very slightly contaminated
A: (change form in water), (swift swim), (stealthy swim), (slimy green scales
0), mutation resistance 1, strong 1
a: Curse Item, Scrying, Transfer Knowledge, Renounce Religion, Evoke Berserk
Rage


You were on level 2 of the Lair of Beasts.
You worshipped Ashenzari.
Ashenzari was exalted by your worship.
You were hungry.
You were a tree.
You visited 6 branches of the dungeon, and saw 26 of its levels.
You also visited: Ossuary and Ice Cave.

You collected 2775 gold pieces.
You spent 944 gold pieces at shops.

Inventory:

Hand Weapons
 s - a cursed +4 bardiche (weapon)
 x - a +3 trident of freezing
Missiles
 f - 10 javelins (quivered)
Armour
 a - the +3 ice dragon scales of Atheism {rF- rC++ Int+4}
   (You found it in an ice cave)

   It affects your intelligence (+4).
   It makes you vulnerable to fire.
   It greatly protects you from cold.
 v - a cursed +2 pair of gloves (melded)
 B - a cursed +0 pair of boots (melded)
 D - a +1 helmet
 I - a cursed +2 hat of see invisible (melded)
 P - a cursed +3 leather armour of poison resistance (melded)
 Q - a cursed +0 cloak (melded)
Jewellery
 e - a +4 ring of protection (right branch)
 i - an uncursed ring of protection from cold
 k - an uncursed ring of positive energy
 n - an uncursed ring of protection from fire
 o - an uncursed ring of resist corrosion
 p - the cursed ring "Refofit" (left branch) {rElec Str+2 Int+4 Dex+5}
   (You found it on level 6 of the Lair of Beasts)

   [ring of dexterity]

   It affects your strength (+2).
   It affects your intelligence (+4).
   It affects your dexterity (+5).
   It insulates you from electricity.
   It has a curse placed upon it.
 O - an amulet of rage (around neck)
 S - an uncursed ring of protection from fire
Wands
 A - a wand of acid (5/15)
 H - a wand of digging (13/24)
 J - a wand of lightning (9/15)
 L - a wand of lightning (7/15)
 Y - a wand of lightning (6/15)
Scrolls
 b - 12 scrolls of identify
 g - 2 scrolls of enchant armour
 h - 7 scrolls of teleportation
 l - 7 scrolls of magic mapping
 m - a scroll of recharging
 y - 3 scrolls of blinking
 G - 2 scrolls of holy word
 M - a scroll of fear
 N - a scroll of fog
 U - a scroll of amnesia
 V - 5 scrolls of remove curse
Potions
 c - a potion of invisibility
 q - 5 potions of flight
 r - 4 potions of cancellation
 u - 4 potions of ambrosia
 z - 2 potions of magic
 C - 4 potions of curing
 E - 2 potions of mutation
 F - 6 potions of brilliance
 K - 3 potions of might
 R - 2 potions of haste
 T - 3 potions of lignification
 W - a potion of berserk rage
Comestibles
 d - 15 bread rations
 j - 38 fruits
 t - 4 meat rations
 w - 7 royal jellies


   Skills:
 + Level 13.5 Fighting
 * Level 23.0(27) Polearms
 - Level 8.0 Armour
 * Level 15.3(19.2) Dodging
 - Level 6.1(10.6) Stealth
 - Level 4.4 Spellcasting
 - Level 2.5 Hexes
 - Level 10.2 Charms
 - Level 2.8 Necromancy


You had 8 spell levels left.
You knew the following spells:

 Your Spells              Type           Power        Failure   Level  Hunger
a - Cigotuvi's Embrace    Necr           ###.......   89%         5    #####..
b - Shroud of Golubria    Chrm/Tloc      ####......   1%          2    None
c - Song of Slaying       Chrm           ######..     1%          2    None
d - Spectral Weapon       Hex/Chrm       ####....     2%          3    ##.....
e - Regeneration          Chrm/Necr      #####.....   1%          3    ##.....


Dungeon Overview and Level Annotations

Branches:
Dungeon (15/15)            Temple (1/1) D:7            Lair (6/6) D:10
  Swamp (1/4) Lair:4        Snake (1/4) Lair:2        Slime (0/5) Lair:5
    Orc (2/2) D:12            Elf (0/3) Orc:2        Vaults (0/5) D:14
 Depths (0/5) D:15

Altars:
Ashenzari
Cheibriados
Dithmenos
Elyvilon
Fedhas
Gozag
Hepliaklqana
Kikubaaqudgha
Makhleb
Nemelex Xobeh
Okawaru
Qazlal
Ru
Sif Muna
Trog
Uskayaw
Vehumet
Wu Jian
Xom
Yredelemnul
Zin
The Shining One
Beogh
Jiyva

Shops:
D:7 !   D:11 *   Orc:2 [(:*

Annotations:
D:3 tilp's ghost, amateur MfCK


Innate Abilities, Weirdness & Mutations

((You revert to your normal form in water.))
((You are very nimble and swift while swimming.))
((You are very stealthy in the water. (Stealth+)))
((You are partially covered in slimy green scales. (AC +2)))
You are somewhat resistant to further mutation.
Your muscles are strong. (Str +2)


Message History

The black mamba bites you!
* * * LOW HITPOINT WARNING * * *
The black mamba bites you!
* * * LOW HITPOINT WARNING * * *
All of the chunks of flesh in your inventory have rotted away.
You feel better. The black mamba bites you!
* * * LOW HITPOINT WARNING * * *
The black mamba bites you but does no damage.
You feel better.
The black mamba bites you but does no damage.
The black mamba bites you!
* * * LOW HITPOINT WARNING * * *
The black mamba bites you but does no damage.
The black mamba bites you.
* * * LOW HITPOINT WARNING * * *
You feel better. The black mamba bites you.
* * * LOW HITPOINT WARNING * * *
The black mamba bites you but does no damage. x2
The black mamba bites you!
You die...

##........######..P......'...
#........<..........#...##..#
##...........###....#####....
#.........#..######## #..#.
#.P..P#####...### ##... ###..##
#.......# ####
####.#.###.......## #
#....##.#.........## ##
#..#####....S♣.....##### #P
##.##PP##....S....[[#P#.### #.
#.........#.......#.......####.
##.......###.......#......###..P
#..........###...###............
##.......#....#.................
##.......##P#....+..........###.
#........P#####.#.........### ##
##.......## #..###.###'## #.


You could see 2 black mambas.

Vanquished Creatures
  2 orc warlords (Orc:2)
  A dire elephant (Lair:6)
  2 ice dragons
  Harold (D:12)
  12 hydras
  A vault guard (D:14)
  A catoblepas (Lair:6)
  5 centaur warriors
  9 two-headed ogres
  An ogre mage (Orc:2)
  A deep troll shaman (Lair:6)
  4 death yaks (Lair:6)
  2 orc high priests
  A swamp dragon (Swamp:1)
  2 unseen horrors
  A naga ritualist (Snake:1)
  A lindwurm (Lair:6)
  Pikel (D:4)
  8 orc knights (Orc:2)
  3 orc sorcerers
  A wolf spider zombie (D:14)
  An oklob plant (Lair:5)
  2 wolf spiders (D:15)
  2 mana vipers (Snake:1)
  4 deep elf magi
  19 ugly things
  4 cyclopes
  10 black mambas
  24 elephants
  A salamander (D:15)
  3 ice statues (IceCv)
  4 manticores (D:14)
  A naga mage (Snake:1)
  A gargoyle (D:12)
  14 spiny frogs
  A freezing wraith (D:13)
  5 komodo dragons
  3 trolls
  6 polar bears
  3 hornets (Lair:5)
  2 tyrant leeches (Lair:4)
  A troll (shapeshifter) (D:15)
  The ghost of Isola the Poker, an amateur MfSk (D:5)
  A dream sheep (shapeshifter) (D:14)
  18 blink frogs
  20 slime creatures
  8 hippogriffs
  12 spriggans (Lair:5)
  A shadow (D:14)
  2 centaur simulacra
  2 wyverns
  A vampire (D:14)
  A wraith (D:12)
  2 basilisks
  Eustachio (D:4)
  41 yaks
  4 hungry ghosts
  2 vampire mosquitoes (D:13)
  Menkaure (D:4)
  3 nagas (Lair:2)
  4 swamp worms
  6 wargs (Orc:2)
  A swamp worm (shapeshifter) (D:15)
  A soldier ant (D:13)
  Edmund (D:4)
  15 water moccasins
  Duvessa (D:6)
  38 orc warriors
  4 porcupines
  3 slaves (D:4)
  An eye of draining (D:14)
  17 ice beasts
  A swamp drake (D:11)
  2 black bears
  2 necrophages
  6 phantoms
  9 wolves
  3 boggarts (Lair:5)
  13 centaurs
  10 crocodiles
  17 ogres
  4 big kobolds
  20 bullfrogs
  A wyvern skeleton (D:8)
  5 scorpions
  Dowan (D:6)
  A hornet simulacrum (D:13)
  17 killer bees
  3 wights
  8 electric eels
  2 centaur zombies (D:11)
  5 crimson imps
  3 bullfrog zombies
  7 hounds
  An iron imp (D:11)
  A centaur skeleton (D:6)
  20 orc priests
  2 jellies
  3 bullfrog skeletons
  29 orc wizards
  A gnoll shaman (Orc:2)
  Ijyb (D:5)
  7 hell rats (Lair:3)
  4 iguanas
  19 worker ants
  A killer bee zombie (D:8)
  A bullfrog simulacrum (D:12)
  A hound skeleton (D:9)
  4 mummies
  A worker ant zombie (D:11)
  10 gnolls
  10 adders
  2 shadow imps
  5 white imps
  An ufetubus (D:12)
  5 oozes
  3 adder zombies (Ossuary)
  8 worms
  An adder skeleton (D:9)
  2 dart slugs (D:1)
  6 leopard geckos
  87 orcs
  7 bats
  3 giant cockroaches
  15 goblins
  18 hobgoblins
  6 jackals
  22 kobolds
  9 quokkas
  A ball python (D:5)
  5 frilled lizards
  A gnoll zombie (Ossuary)
  5 goblin zombies
  3 hobgoblin zombies (Ossuary)
  3 kobold zombies
  A leopard gecko zombie (D:7)
  3 quokka zombies (Ossuary)
  8 rats
  2 rat zombies (Ossuary)
  A plant (D:8)
873 creatures vanquished.

Vanquished Creatures (collateral kills)
  A bullfrog (Lair:4)
1 creature vanquished.

Vanquished Creatures (others)
  A centaur warrior (D:13)
  An acid dragon (D:13)
  A worker ant (D:4)
  An orc (D:11)
  A bush (Lair:6)
  11 fungi
  13 plants
  23 spectral weapons
52 creatures vanquished.

Grand Total: 926 creatures vanquished

Notes
Turn   | Place    | Note
-------+----------+-------------------------------------------
     0 | D:1      | Isola the Merfolk Skald began the quest for the Orb.
     0 | D:1      | Reached XP level 1. HP: 16/16 MP: 3/3
    55 | D:1      | Reached XP level 2. HP: 21/22 MP: 5/5
   361 | D:1      | Learned a level 2 spell: Shroud of Golubria
   364 | D:1      | Learned a level 2 spell: Song of Slaying
   477 | D:1      | Reached XP level 3. HP: 17/27 MP: 6/6
   691 | D:1      | Reached skill level 4 in Polearms
  1187 | D:2      | Found a blossoming altar of Fedhas.
  1515 | D:2      | Reached XP level 4. HP: 33/33 MP: 0/7
  1757 | D:2      | Reached skill level 5 in Polearms
  1904 | D:2      | Found a sparkling altar of Nemelex Xobeh.
  2284 | D:2      | Found an ornate altar of the Wu Jian Council.
  2440 | D:3      | Reached XP level 5. HP: 35/38 MP: 2/8
  2593 | D:3      | Found a white marble altar of Elyvilon.
  2697 | D:3      | Reached skill level 6 in Polearms
  2822 | D:3      | Found a faded altar of an unknown god.
  2847 | D:3      | Noticed tilp's ghost (amateur MfCK)
  2852 | D:3      | Paralysed by tilp's ghost for 3 turns
  2861 | D:3      | Paralysed by tilp's ghost for 7 turns
  2880 | D:3      | Paralysed by tilp's ghost for 3 turns
  3559 | D:4      | Learned a level 3 spell: Spectral Weapon
  3673 | D:4      | Reached XP level 6. HP: 44/44 MP: 1/9
  3795 | D:4      | Noticed Eustachio
  4228 | D:3      | Found a sacrificial altar of Ru.
  4554 | D:4      | Killed Eustachio
  4554 | D:4      | Reached skill level 7 in Polearms
  4554 | D:4      | Reached skill level 5 in Dodging
  4708 | D:4      | Reached skill level 5 in Charms
  4708 | D:4      | Reached XP level 7. HP: 32/50 MP: 7/10
  4720 | D:4      | Reached skill level 8 in Polearms
  4939 | D:4      | You fall through a shaft for 2 floors!
  5187 | D:6      | Found a sand-covered staircase.
  5248 | Ossuary  | Entered an ossuary
  5639 | D:6      | Reached skill level 9 in Polearms
  5669 | D:6      | Noticed Dowan
  5675 | D:6      | Killed Dowan
  5685 | D:6      | Noticed Duvessa
  5714 | D:6      | Killed Duvessa
  5714 | D:6      | Reached XP level 8. HP: 54/56 MP: 0/11
  5841 | D:5      | Entered Level 5 of the Dungeon
  5985 | D:4      | Reached skill level 10 in Polearms
  5991 | D:4      | Noticed Edmund
  6013 | D:4      | Killed Edmund
  6141 | D:4      | Found a bloodstained altar of Trog.
  6194 | D:4      | Noticed Pikel
  6223 | D:4      | Killed Pikel
  6223 | D:4      | Reached skill level 11 in Polearms
  6266 | D:4      | Noticed Menkaure
  6275 | D:4      | Killed Menkaure
  6275 | D:4      | Reached XP level 9. HP: 26/61 MP: 4/12
  6965 | D:5      | You fall through a shaft!
  6965 | D:6      | Found a hazy altar of Hepliaklqana.
  7088 | D:5      | Noticed Isola's ghost (amateur MfSk)
  7104 | D:5      | Killed Isola's ghost
  7104 | D:5      | Reached skill level 12 in Polearms
  7168 | D:5      | Found a sparkling altar of Nemelex Xobeh.
  7249 | D:5      | Noticed Ijyb
  7265 | D:5      | Killed Ijyb
  8283 | D:7      | Reached skill level 13 in Polearms
  8499 | D:7      | Found Soeleir's Distillery.
  8507 | D:7      | Bought a potion of might for 56 gold pieces
  8680 | D:7      | Found a staircase to the Ecumenical Temple.
  8686 | Temple   | Entered the Ecumenical Temple
  8806 | Temple   | Became a worshipper of Ashenzari the Shackled
  9308 | D:8      | Reached XP level 10. HP: 56/71 MP: 8/13
  9441 | D:8      | Reached skill level 14 in Polearms
  9709 | D:8      | Learned a level 3 spell: Regeneration
 10178 | D:9      | Reached skill level 5 in Fighting
 10355 | D:9      | Noticed a red ugly thing
 10355 | D:9      | Noticed a six-headed hydra
 10910 | D:9      | Reached * piety under Ashenzari
 10974 | D:9      | Killed a red ugly thing
 11099 | D:9      | Killed a six-headed hydra
 11099 | D:9      | Reached skill level 10 in Charms
 11357 | D:9      | Reached XP level 11. HP: 79/83 MP: 8/15
 11645 | D:10     | Entered Level 10 of the Dungeon
 11980 | D:10     | Found a staircase to the Lair.
 12576 | D:10     | Reached skill level 10 in Dodging
 12876 | D:11     | Found Evonwac's Assorted Antiques.
 12887 | D:11     | Bought a bardiche for 234 gold pieces
 12887 | D:11     | Bought a potion of curing for 78 gold pieces
 12887 | D:11     | Bought a pair of gloves for 117 gold pieces
 12887 | D:11     | Bought a scroll of remove curse for 78 gold pieces
 12887 | D:11     | Identified the cursed +3 quarterstaff "Qaniz" {drain, rPois rF++} (You found it on level 4 of the Dungeon)
 12978 | D:7      | Bought a potion of heal wounds for 70 gold pieces
 12978 | D:7      | Bought a potion of heal wounds for 70 gold pieces
 13120 | D:11     | Reached skill level 1 in Armour
 13196 | D:11     | Bought a scroll of identify for 52 gold pieces
 13214 | D:11     | Noticed a red ugly thing
 13223 | D:11     | Killed a red ugly thing
 13274 | D:11     | Noticed a brown ugly thing
 13284 | D:11     | Killed a brown ugly thing
 13448 | D:11     | Noticed a deep elf mage
 13452 | D:11     | Killed a deep elf mage
 13462 | D:11     | Noticed a deep elf mage
 13468 | D:11     | Killed a deep elf mage
 13857 | D:11     | Noticed an unseen horror
 13867 | D:11     | Killed an unseen horror
 13867 | D:11     | Reached skill level 15 in Polearms
 13887 | D:11     | Noticed a two-headed ogre
 13893 | D:11     | Killed a two-headed ogre
 14100 | D:11     | Noticed a five-headed hydra
 14106 | D:11     | Killed a five-headed hydra
 14441 | Lair:1   | Entered Level 1 of the Lair of Beasts
 14631 | Lair:1   | Reached XP level 12. HP: 94/94 MP: 18/18
 14755 | Lair:1   | Reached skill level 16 in Polearms
 14854 | Lair:1   | Reached ** piety under Ashenzari
 15663 | Lair:2   | Reached skill level 5 in Armour
 15743 | Lair:2   | Found a staircase to the Snake Pit.
 15884 | Lair:2   | Noticed a five-headed hydra
 15903 | Lair:2   | Killed a five-headed hydra
 16607 | Lair:3   | Reached skill level 17 in Polearms
 16832 | Lair:3   | Reached *** piety under Ashenzari
 17006 | Lair:3   | Reached XP level 13. HP: 100/101 MP: 12/19
 17887 | Lair:4   | Reached skill level 18 in Polearms
 18055 | Lair:4   | Reached **** piety under Ashenzari
 18257 | Lair:4   | Found a staircase to the Swamp.
 18268 | Lair:4   | Reached skill level 10 in Fighting
 19774 | Lair:5   | Upgraded the game from 0.20-a0-926-g560771d to 0.20-a0-927-g1ae2c61
 19791 | Lair:5   | Found a staircase to the Slime Pits.
 19795 | Lair:5   | Found a viscous altar of Jiyva.
 20219 | Lair:6   | Entered Level 6 of the Lair of Beasts
 20368 | Lair:6   | Reached skill level 19 in Polearms
 20603 | Lair:6   | Reached XP level 14. HP: 79/113 MP: 16/20
 20880 | Lair:6   | Reached skill level 1 in Hexes
 20885 | Lair:6   | Reached skill level 1 in Necromancy
 21145 | Lair:6   | Reached ***** piety under Ashenzari
 21948 | Lair:6   | Reached skill level 20 in Polearms
 23151 | Lair:6   | Noticed a dire elephant
 23171 | Lair:6   | Killed a dire elephant
 23371 | Lair:6   | Identified the ring "Refofit" {rElec Str+2 Int+4 Dex+5}
 23536 | Lair:5   | Paralysed by a spriggan for 3 turns
 23652 | D:12     | Found a frozen archway.
 23705 | IceCv    | Entered an ice cave
 24429 | IceCv    | Identified the +3 ice dragon scales of Atheism {rF- rC++ Int+4}
 24459 | IceCv    | Learned a level 5 spell: Cigotuvi's Embrace
 24466 | IceCv    | Learned a level 6 spell: Death Channel
 24800 | D:12     | Found a staircase to the Orcish Mines.
 24954 | D:12     | Noticed Harold
 24962 | D:12     | Killed Harold
 24962 | D:12     | Reached XP level 15. HP: 117/122 MP: 18/21
 25627 | D:13     | Reached skill level 21 in Polearms
 25669 | D:13     | Identified the +2 short sword of Qazlal's Pride {pierce, rPois SInv}
 26622 | Orc:1    | Entered Level 1 of the Orcish Mines
 26752 | Orc:2    | Entered Level 2 of the Orcish Mines
 26756 | Orc:2    | Reached skill level 1 in Stealth
 26758 | Orc:2    | Found a staircase to the Elven Halls.
 27178 | Orc:2    | Noticed an orc warlord
 27306 | Orc:2    | Killed an orc warlord
 27896 | Orc:1    | Gained mutation: You are weak. (Str -2) [a neqoxec]
 28028 | Orc:1    | Lost mutation: You are weak. (Str -2) [potion of mutation]
 28028 | Orc:1    | Gained mutation: You are partially covered in slimy green scales. (AC +2) [potion of mutation]
 28028 | Orc:1    | Gained mutation: You are weak. (Str -2) [potion of mutation]
 28028 | Orc:1    | Gained mutation: Your body sometimes deteriorates upon taking damage. [potion of mutation]
 28028 | Orc:1    | Gained mutation: Your spells are a little harder to cast, but a little more powerful. [potion of mutation]
 28029 | Orc:1    | Lost mutation: Your body sometimes deteriorates upon taking damage. [potion of mutation]
 28029 | Orc:1    | Lost mutation: You are weak. (Str -2) [potion of mutation]
 28029 | Orc:1    | Gained mutation: You occasionally shout uncontrollably at your foes. [potion of mutation]
 28029 | Orc:1    | Gained mutation: You possess an exceptional clarity of mind. [potion of mutation]
 28030 | Orc:1    | Lost mutation: Your spells are a little harder to cast, but a little more powerful. [potion of mutation]
 28030 | Orc:1    | Lost mutation: You possess an exceptional clarity of mind. [potion of mutation]
 28030 | Orc:1    | Lost mutation: You occasionally shout uncontrollably at your foes. [potion of mutation]
 28030 | Orc:1    | Gained mutation: Your muscles are strong. (Str +2) [potion of mutation]
 28030 | Orc:1    | Gained mutation: You are somewhat resistant to further mutation. [potion of mutation]
 28123 | Orc:2    | Found Yseriozu's Book Shop.
 28131 | Orc:2    | Found Rynwiuhe's Antique Weapon Emporium.
 28585 | Orc:2    | Found Wenaz's Antique Armour Emporium.
 28638 | Orc:2    | Bought a warped leather armour for 189 gold pieces
 28638 | Orc:2    | Identified the +2 leather armour "Womyll" {*Corrode +Fly MR+ Int+2} (You bought it in a shop on level 2 of the Orcish Mines)
 28844 | Orc:2    | Found a roughly hewn altar of Beogh.
 28894 | Orc:2    | Reached skill level 5 in Stealth
 28968 | Orc:2    | Found Tuddulet's General Store.
 29246 | Orc:2    | Noticed an orc warlord
 29685 | Orc:2    | Killed an orc warlord
 30221 | D:14     | Reached skill level 22 in Polearms
 30422 | D:14     | Reached XP level 16. HP: 130/130 MP: 15/22
 30751 | D:14     | Found a deep blue altar of Sif Muna.
 31198 | D:14     | Identified the +1 scale mail of the Bells {Str+2 Dex+7}
 31347 | D:14     | Found a gate to the Vaults.
 31432 | D:15     | Entered Level 15 of the Dungeon
 31537 | D:15     | Found a staircase to the Depths.
 32114 | D:15     | Reached skill level 15 in Dodging
 32884 | Swamp:1  | Entered Level 1 of the Swamp
 32885 | Swamp:1  | Reached ****** piety under Ashenzari
 33311 | Snake:1  | Entered Level 1 of the Snake Pit
 33340 | Snake:1  | Reached skill level 23 in Polearms
 33362 | Lair:2   | HP: 5/196 [black mamba (11)]
 33365 | Lair:2   | Slain by a black mamba

Vault maps used:
D:1:      erik_arrival_gehennom
D:2:      old_standard_altar, marbit_many_paths, serial_corexii_hall,
          corexii_hall_statues_i, corexii_hall_statues_l,
          fedhas_altar_fruit_tree
D:3:      cheibrodos_greedy_goblins, lemuel_round_altar,
          nicolae_ru_path_of_blood, chequers_ecumenical_altar_island,
          minmay_bisected
D:4:      nicolae_overflow_crystal_walls, uniq_pikel, uniq_eustachio,
          uniq_edmund, uniq_menkaure
D:5:      first_bread, corexii_hall_statues_s,
          nemelex_xobeh_ov_fountains_minmay, uniq_iyjb
D:6:      lemuel_crystal_altar, nicolae_ossuary_entry_giza, uniq_duvessa
D:7:      minmay_temple_entry_enclosed_plants, serial_curves, eino_curves_02,
          eino_curves_01, serial_shops, shop
D:8:      serial_bayou, serial_bayou_pond_a, serial_bayou_shore_a,
          serial_bayou_pond_d, serial_bayou_pond_e
D:9:      blue_anna_alchemist, minivault_20
D:10:     lair_entry_dummy
D:11:     serial_shops, nicolae_shop_statue_plus, hangedman_minor_magic
D:12:     orc_0_dummy, serial_ice, serial_ice_n, serial_ice_j, serial_ice_d,
          serial_ice_f, portal_ice_cave_entry_ice_beasts, uniq_harold
D:13:     dragon1_lemuel, lightli_corner_chamber
D:14:     david_vaults_5, basic_altar, kennysheep_nondescript
D:15:     hangedman_depths_entry_try_elsewhere_first, serial_bayou_pond_e
Temple:   regret_index_temple_waves
Lair:1:   st_stairs_4, small_statue_intersection
Lair:2:   minmay_snake_entry_guardpost_small
Lair:3:   beast_lair_carwin_6, lemuel_fruit_fields, grunt_megastairs_5,
          infiniplex_staircase_pool_2
Lair:4:   minmay_swamp_entry_worms, serial_bayou_ford_a
Lair:5:   kb_forest_paths, slime_altar_1
Lair:6:   grunt_lair_end_beastmaster, cheibrodos_lair_lostbears
Swamp:1:  evilmike_swamp_ruin_rubble_2, swamp_pool3
Snake:1:  nicolae_coiled_stairwell_down
Orc:1:    nicolae_orc_accident_3
Orc:2:    grunt_orc_gardens, grunt_orc_garden, grunt_orc_garden,
          grunt_orc_garden, grunt_orc_garden, basic_altar
Ossuary:  ossuary_minmay_chase
IceCv:    ice_cave_statue_garden_chambered

Skill      XL: |  1  2  3  4  5  6  7  8  9 10 11 12 13 14 15 16 |
---------------+-------------------------------------------------+-----
Dodging        | 3 4 5 6 7 8 9 10 11 13 15 | 15.3
Polearms       | 4 5 6 7 9 11 13 14 15 17 19 20 22 23 | 23.0
Charms         | 4 5 6 8 10 | 10.2
Fighting       | 4 6 8 9 11 12 13 | 13.5
Spellcasting   | 3 4 |  4.4
Armour         | 3 6 8 |  8.0
Hexes          | 2 |  2.5
Necromancy     | 2 |  2.8
Stealth        | 6 |  6.1

Action                   |  1- 3 |  4- 6 |  7- 9 | 10-12 | 13-15 | 16-18 || total
-------------------------+-------+-------+-------+-------+-------+-------++-------
Melee: Spear             |   130 |   274 |       |       |       |       ||   404
       Tailslap          |       |     1 |       |     2 |     5 |     3 ||    11
       Trident           |       |    31 |   389 |   621 |  1471 |       ||  2512
       Bardiche          |       |       |       |       |   108 |   277 ||   385
 Cast: Infusion          |     6 |     9 |     6 |       |       |       ||    21
       Shroud of Golubri |     1 |     9 |    26 |    47 |    94 |    10 ||   187
       Song of Slaying   |       |     1 |    11 |    13 |     4 |       ||    29
       Spectral Weapon   |       |       |     9 |    51 |   102 |    14 ||   176
       Regeneration      |       |       |       |     6 |    27 |     4 ||    37
Invok: Curse Item        |       |       |     2 |     3 |     3 |     1 ||     9
Evoke: Wand              |       |       |       |       |     7 |     1 ||     8
  Use: Scroll            |     6 |     3 |    10 |    11 |    11 |     2 ||    43
       Potion            |       |     8 |     3 |     3 |     7 |     7 ||    28
 Stab: Sleeping          |     3 |     1 |     4 |       |     4 |     7 ||    19
       Distracted        |       |     1 |     2 |     7 |    19 |     4 ||    33
       Invisible         |       |     1 |       |       |     4 |       ||     5
  Eat: Chunk             |     2 |    11 |    16 |    33 |    45 |     4 ||   111
       Fruit             |       |       |     3 |       |     9 |     1 ||    13
       Meat ration       |       |       |       |       |       |     1 ||     1
Armor: Leather armour    |    31 |    59 |    33 |    54 |   215 |    36 ||   428
       Skin              |       |    29 |    10 |       |       |     6 ||    45
Dodge: Dodged            |    68 |   161 |   157 |   281 |   975 |   265 ||  1907
